 Dungeon Crawl Stone Soup version 0.17-a0-1646-geb1493d (webtiles) character file.

86 Razzik the Digger (level 4, 0/36 HPs)
             Began as a Deep Dwarf Earth Elementalist on Aug 8, 2015.
             Was an Initiate of Yredelemnul.
             Slain by an orc (3 damage)
             ... on level 3 of the Dungeon on Aug 10, 2015.
             The game lasted 00:35:06 (2942 turns).

Razzik the Digger (Deep Dwarf Earth Elementalist)   Turns: 2942, Time: 00:35:06

Health: 0/36       AC:  2    Str: 11    XL:     4   Next: 26%
Magic:  8/8        EV: 17    Int: 17    God:    Yredelemnul [......]
Gold:   150        SH:  0    Dex: 13    Spells: 3 memorised, 2 levels left

rFire  . . .     SeeInvis .     L - +0 mace (drain)
rCold  . . .     Clarity  .     b - +0 robe
rNeg   . . .     SustAt   .     (no shield)
rPois  .         Gourm    .     (no helmet)
rElec  .         Spirit   .     (no cloak)
rCorr  .         Warding  .     (no gloves)
rMut   .         Stasis   .     (no boots)
MR     +....                    (no amulet)
Stlth  ++........               B - +6 ring of evasion
                                h - ring of protection from magic

@: non-regenerating, somewhat resistant to hostile enchantments, unstealthy
A: damage resistance, recharge devices, sense surroundings 1, slow healing 3
a: Device Recharging, Renounce Religion


You were on level 3 of the Dungeon.
You worshipped Yredelemnul.
Yredelemnul was noncommittal.
You were very hungry.

You visited 1 branch of the dungeon, and saw 3 of its levels.

You collected 150 gold pieces.

Inventory:

Hand weapons
 g - a +0 dagger
 j - a +0 dagger
 k - a +0 club
 m - a +0 dagger
 n - a +0 dagger
 p - a +1 short sword of venom
 q - a +0 dagger
 r - a cursed -1 dagger
 s - a +0 club
 t - a +0 hand axe
 v - a +0 short sword
 x - a +0 dagger
 z - a +0 dagger
 E - a +0 short sword
 F - a +0 whip
 I - a +0 short sword
 K - a cursed -2 short sword
 L - a +0 mace of draining (weapon)
 M - a +0 dagger
Missiles
 a - 111 stones (quivered)
 i - 10 poisoned sling bullets
 u - 26 poisoned needles
 y - 13 arrows of dispersal
 D - 30 bolts
Armour
 b - a +0 robe (worn)
 A - a +0 ring mail
 G - a +0 ring mail
Jewellery
 h - a ring of protection from magic (left hand)
 B - a +6 ring of evasion (right hand)
Magical devices
 d - a wand of heal wounds (4)
Scrolls
 l - 2 scrolls of teleportation {unknown}
 o - 2 scrolls of remove curse
 w - a scroll of random uselessness
 N - a scroll of identify {unknown}
Potions
 f - a potion of lignification {unknown}
 C - a potion of ambrosia {unknown}
 H - a potion of curing {unknown}
 O - a potion of cancellation {unknown}
Books
 c - a book of Geomancy

   Spells                             Type                      Level
   a - Sandblast                      Earth                        1
   b - Stoneskin                      Transmutation/Earth          2
   c - Passwall                       Transmutation/Earth          3
   d - Stone Arrow                    Conjuration/Earth            3
   e - Petrify                        Transmutation/Earth          4
   f - Lee's Rapid Deconstruction     Earth                        5
Comestibles
 e - 2 bread rations


   Skills:
 - Level 2.1(1.0) Dodging
 - Level 2.4(1.2) Stealth
 * Level 3.3(1.6) Spellcasting
 - Level 0.8(0.4) Transmutations
 + Level 5.1(2.5) Earth Magic


You had 2 spell levels left.
You knew the following spells:

 Your Spells              Type           Power        Failure   Level  Hunger
a - Sandblast             Erth           ##....       10%         1    ##.....
b - Stone Arrow           Conj/Erth      #.....       38%         3    ####...
c - Passwall              Trmt/Erth      #.........   38%         3    ####...


Dungeon Overview and Level Annotations

Branches:
Dungeon (3/15)

Altars:
Ashenzari
Yredelemnul


Innate Abilities, Weirdness & Mutations

You are resistant to damage.
You can recharge devices by infusing magical energy.
You passively map a small area around you.
You do not heal naturally.


Message History

The orc closely misses you. The orc misses you. The orc hits you.
The orc closely misses you. The orc hits you. The orc barely misses you.
The orc hits you.
* * * LOW HITPOINT WARNING * * *
The orc closely misses you. The orc hits you but does no damage.
The orc hits you. The orc barely misses you. The orc misses you.
The orc closely misses you. The orc closely misses you.
The orc closely misses you. The orc hits you. The orc hits you.
You die...
Your body rises from the dead as a mindless zombie.

* #.. ,..###
#.#####... , ,
#.#...#..# *
#.#...#..#
#.#...#..#
#.##..#..#
#########.......o#
................@#
#############....#
* #....# * * ####
##..## , , #>.,,
....+ ,
######.#######.##
,
#....#..........+,
,,
#...............#
* ,
#.....########..#
,


You could see an orc.

Vanquished Creatures
  3 adders
  3 worms
  2 giant geckos
  A ball python (D:3)
  A giant cockroach (D:1)
  3 hobgoblins
  3 jackals (D:2)
  6 kobolds
  4 bats (D:2)
  5 giant newts
  11 goblins
  5 rats
  A spectral orc (D:2)
48 creatures vanquished.

Notes
Turn   | Place    | Note
--------------------------------------------------------------
     0 | D:1      | Razzik the Deep Dwarf Earth Elementalist began the quest for the Orb.
     0 | D:1      | Reached XP level 1. HP: 15/15 MP: 3/3
     2 | D:1      | Upgraded the game from 0.17-a0-1638-g2ccaed7 to 0.17-a0-1646-geb1493d
   343 | D:1      | Reached XP level 2. HP: 19/22 MP: 1/5
   448 | D:1      | Found a shattered altar of Ashenzari.
   459 | D:1      | Became a worshipper of Ashenzari the Shackled
  1319 | D:2      | HP: 1/22 [worm (10)]
  1376 | D:2      | Reached XP level 3. HP: 28/28 MP: 1/6
  1429 | D:2      | Learned a level 3 spell: Stone Arrow
  1433 | D:2      | Learned a level 3 spell: Passwall
  2092 | D:2      | Found a basalt altar of Yredelemnul.
  2113 | D:2      | Fell from the grace of Ashenzari
  2113 | D:2      | Became a worshipper of Yredelemnul the Dark
  2290 | D:2      | Reached XP level 4. HP: 21/36 MP: 0/8
  2368 | D:2      | Reached skill level 5 in Earth Magic
  2942 | D:3      | Slain by an orc

Vault maps used:
D:1:      tarquinn_simple_flora_water_a, corexii_hall_statues_i,
          minmay_crystal_room, ashenzari_altar_1
D:2:      yredelemnul_forgotten_temple_becter, first_bread, nrook_loot_triangle

Action                   |  1- 3 |  4- 6 || total
-------------------------+-------+-------++-------
Melee: Short sword       |    16 |       ||    16
       Dagger            |     1 |       ||     1
       Mace              |       |    23 ||    23
 Cast: Sandblast         |    71 |       ||    71
       Stone Arrow       |     8 |     2 ||    10
Evoke: Wand              |     1 |       ||     1
  Use: Scroll            |     3 |       ||     3
 Stab: Sleeping          |       |     1 ||     1
  Eat: Chunk             |     4 |     2 ||     6
       Beef jerky        |     1 |       ||     1
